 Dungeon Crawl Stone Soup version 0.32-a0-893-gf85d74f360 (webtiles) character file.

Game seed: 3265297279314397239

213 Biggs the Slasher (level 5, -4/38 HPs)
             Began as a Coglin Gladiator on Apr 4, 2024.
             Slain by a gnoll
             ... wielding a +0 halberd
              (5 damage)
             ... on level 3 of the Dungeon.
             The game lasted 00:03:36 (1595 turns).

Biggs the Slasher (Coglin Gladiator)                Turns: 1595, Time: 00:03:37

Health: -4/38      AC:  6    Str: 17    XL:     5   Next: 90%
Magic:  5/5        EV:  5    Int:  7    God:
Gold:   139        SH:  0    Dex: 17    Spells: 4/4 levels left

rFire   . . .        a - +0 long sword (venom) {Ilse}
rCold   . . .        h - +6 rapier of Demonic Subterfuge {pain, Str+2 Stlth+}
rNeg    . . .        m - +0 ring mail
rPois   .            c - +0 helmet
rElec   .            (no cloak)
rCorr   .            (no gloves)
SInv    .            (no boots)
Will    .....        (amulet unavailable)
Stlth   ++           (ring unavailable)
HPRegen 0.26/turn    (ring unavailable)
MPRegen 0.09/turn    (no gizmo)

%: no passive effects
@: held, revving
A: off-hand wielding, slow wielding, warmup strikes, no jewellery
a: Invent Gizmo


You were on level 3 of the Dungeon.
You visited 1 branch of the dungeon, and saw 3 of its levels.

You collected 139 gold pieces.

Inventory:

Hand Weapons
 a - a +0 long sword of venom (weapon) {Ilse}
 f - a +0 dagger {Xue}
 h - the +6 rapier of Demonic Subterfuge (offhand) {pain, Str+2 Stlth+}
   (You found it on level 2 of the Dungeon)

   Str+2:     It affects your strength (+2).
   Stlth+:    It makes you more stealthy.
Missiles
 d - 3 throwing nets (quivered)
 e - a javelin
Armour
 b - a +0 leather armour
 c - a +0 helmet (worn)
 m - a +0 ring mail (worn)
Scrolls
 l - a scroll of immolation {unknown}
Potions
 j - a potion of enlightenment {unknown}
 k - a potion of heal wounds {unknown}


   Skills:
 - Level 2.0 Fighting
 + Level 6.4 Long Blades
 - Level 1.7 Throwing
 - Level 2.6 Dodging


You had 4 spell levels left.
You didn't know any spells.
Your spell library was empty.

Dungeon Overview and Level Annotations

Branches:
Dungeon (3/15)

Altars:

Shops:
D:2 (

Annotations:
D:3 Terence


Innate Abilities, Weirdness & Mutations

You can wield a second weapon in your off-hand.
It takes a long time for you to wield or remove held weapons.
Your first few attacks do less damage.
You cannot equip rings or amulets.


Message History

Unknown command.
The gnoll shouts!
You hear a shout!
Unknown command.
A gnoll comes into view.
It is wielding a +0 flail and quivering 2 throwing nets.
Found a club.
Unknown command.
A gnoll comes into view. It is wielding a +0 whip.
The gnoll hits you with a +0 halberd!
Unknown command.
You closely miss the gnoll with your +0 long sword.
You barely miss the gnoll with the +6 rapier of Demonic Subterfuge.
The gnoll shouts!
The gnoll throws a throwing net.
The throwing net hits you.
You become entangled in the net!
A frilled lizard comes into view.
The gnoll hits you with a +0 halberd.
You are held in a net!
Unknown command.
You are held in a net!
Unknown command.
Unknown command.
You tear a large gash into the net.
The gnoll hits you with a +0 halberd.
You struggle against the net.
The gnoll hits you with a +0 halberd!
Unknown command.
You rip the net and break free!
The gnoll throws a throwing net.
The throwing net hits you.
You become entangled in the net!
The gnoll hits you with a +0 halberd!
* * * LOW HITPOINT WARNING * * *
Unknown command.
You tear a large gash into the net.
A frilled lizard comes into view.
The gnoll barely misses you.
Unknown command.
Unknown command.
As you read the scroll labelled IVAGRIREEBB, it crumbles to dust.
It is a scroll of brand weapon.
Your +0 long sword {Ilse} drips with poison.
a - a +0 long sword of venom (weapon)
{Ilse} The gnoll hits you but does no damage.
The gnoll hits you with a +0 halberd.
You die...

##.# ...... .## #...
.).... ..#### .##...
......###.. .. .###..
#........# .# ###.# #..
#.g.....##.# #.#.###..
.##...l....#.###... #...
...>..ggg#.#..##..###.##
#.....@......##..##..#
#..##....#..####.....##
#.............####
#...).......#.#
#....$........#
#......)....###
##.####.....# #. ##..###
## ##=.##########


You could see 4 gnolls and a frilled lizard.

Vanquished Creatures
  A water moccasin (D:3)
  An iguana (D:3)
  An adder (D:3)
  A ribbon worm (D:2)
  A dart slug (D:2)
  7 orcs (D:3)
  4 ball pythons
  5 bats
  4 endoplasms
  4 giant cockroaches
  6 goblins
  5 hobgoblins
  2 jackals (D:2)
  6 kobolds
  2 quokkas
  2 frilled lizards
  A rat (D:1)
53 creatures vanquished.

Notes
Turn   | Place    | Note
-------+----------+-------------------------------------------
     0 | D:1      | Biggs the Coglin Gladiator began the quest for the Orb.
     0 | D:1      | Reached XP level 1. HP: 16/16 MP: 1/1
   163 | D:1      | Reached XP level 2. HP: 22/22 MP: 2/2
   655 | D:2      | Reached skill level 4 in Long Blades
   655 | D:2      | Found Zeufeiw's Weapon Boutique.
   656 | D:2      | Identified the +6 rapier of Demonic Subterfuge {pain, Str+2
                  | Stlth+}
   684 | D:2      | Reached XP level 3. HP: 27/27 MP: 3/3
  1318 | D:3      | Reached XP level 4. HP: 33/33 MP: 4/4
  1332 | D:3      | Reached skill level 5 in Long Blades
  1392 | D:3      | Noticed a water moccasin
  1408 | D:3      | Killed a water moccasin
  1409 | D:3      | Reached skill level 6 in Long Blades
  1409 | D:3      | Reached XP level 5. HP: 10/38 MP: 5/5
  1416 | D:3      | Noticed Terence
  1593 | D:3      | HP: 1/38 [gnoll/+0 halberd (12)]
  1595 | D:3      | Slain by a gnoll

Illustrated notes

Levels and vault maps discovered:
D:1:      evilmike_arrival_crescent, layout_rooms, serial_forest,
          infiniplex_forest_lined_corner, infiniplex_forest_clump_small,
          infiniplex_forest_straight_2, infiniplex_forest_clump_curved,
          infiniplex_forest_diagonal, infiniplex_forest_join,
          infiniplex_forest_end_2, infiniplex_forest_lined_2
D:2:      layout_loops_ring, serial_shops, nicolae_shop_bloodbath_and_beyond,
          nicolae_underground_beach
D:3:      layout_rooms, mainiacjoe_overflow_paths,
          ebering_ecumenical_altar_hall, uniq_terence

Skill      XL: |  1  2  3  4 |
---------------+-------------+-----
Long Blades    | 4 6 |  6.4
Fighting       | |  2.0
Throwing       | |  1.7
Dodging        | |  2.6

Action                     |  1- 3 |  4- 6 || total
---------------------------+-------+-------++-------
  Melee: Long sword        |    54 |    32 ||    86
         Dagger            |    25 |       ||    25
         Rapier            |    23 |    32 ||    55
  Throw: Throwing net      |       |     1 ||     1
    Use: Scroll            |       |     1 ||     1
         Potion            |       |     1 ||     1
   Stab: Sleeping          |     7 |       ||     7
 Armour: Leather armour    |    38 |     3 ||    41
         Ring mail         |       |    28 ||    28
  Dodge: Dodged            |    39 |    22 ||    61

Table legend: (Time is in decaauts)
 A = Elapsed time spent in this place.
 B = Non-inter-level travel time spent in this place.
 C = Inter-level travel time spent in this place.
 D = Time resting spent in this place.
 E = Time spent auto-exploring this place.
 F = Levels seen in this place.
 G = Mean time per level.
                   A        B        C        D        E       F      G
               +--------+--------+--------+--------+--------+-----+--------+
         Total |   1586 |   1556 |     30 |    126 |   1056 |   3 |  528.7 |
       Dungeon |   1586 |   1556 |     30 |    126 |   1056 |   3 |  528.7 |
               +--------+--------+--------+--------+--------+-----+--------+

Top non-repeatable levels by time:
     D:2: 688 daAuts
     D:1: 618 daAuts
     D:3: 278 daAuts
